 Dungeon Crawl Stone Soup version 0.30-a0-613-gdd512c7efb (webtiles) character file.

Game seed: 14617208094943862662

2950 OTABOTABOTAB the Thaumaturge (level 9, -2/45 HPs)
             Began as a Deep Elf Conjurer on Jan 9, 2023.
             Was an Initiate of Vehumet.
             Slain by a boulder beetle (18 damage)
             ... on level 7 of the Dungeon.
             The game lasted 00:14:53 (8200 turns).

OTABOTABOTAB the Thaumaturge (Deep Elf Conjurer)    Turns: 8200, Time: 00:14:54

Health: -2/45      AC:  6    Str:  4    XL:     9   Next: 51%
Magic:  1/26       EV: 12    Int: 28    God:    Vehumet [......]
Gold:   488        SH:  0    Dex: 13    Spells: 20/31 levels left

rFire   + . .      SeeInvis .    z - staff of earth
rCold   . . .      Faith    .    (no shield)
rNeg    . . .      Spirit   .    a - +0 robe
rPois   .          Reflect  .    b - +0 helmet
rElec   .          Harm     .    k - +0 cloak
rCorr   .          Rampage  .    c - +0 pair of gloves
Will    .....                    u - +0 pair of boots
Stlth   ++                       (no amulet)
HPRegen 0.27/turn                e - ring of flight {+Fly, !d}
MPRegen 0.20/turn                F - ring of protection from fire {rF+, !d}

@: about to teleport, flying
A: no striking features
a: Renounce Religion


You were on level 7 of the Dungeon.
You worshipped Vehumet.
Vehumet was noncommittal.
You visited 2 branches of the dungeon, and saw 8 of its levels.

You collected 488 gold pieces.

Inventory:

Hand Weapons
 d - a +1 dagger
   (You took it off a goblin on level 1 of the Dungeon)
Missiles
 f - 8 poisoned darts
 o - 6 boomerangs
 s - 42 stones
Armour
 a - a +0 robe (worn)
 b - a +0 helmet (worn)
   (You took it off Robin on level 4 of the Dungeon)
 c - a +0 pair of gloves (worn)
   (You found it on level 1 of the Dungeon)
 k - a +0 cloak (worn)
   (You found it on level 2 of the Dungeon)
 u - a +0 pair of boots (worn)
   (You found it on level 3 of the Dungeon)
Magical Staves
 z - a staff of earth (weapon)
   (You took it off a gnoll on level 3 of the Dungeon)
Jewellery
 e - a ring of flight (left hand) {+Fly, !d}
   (You found it on level 1 of the Dungeon)
 F - a ring of protection from fire (right hand) {rF+, !d}
   (You found it on level 4 of the Dungeon)
 V - a ring of see invisible {sInv, !d}
   (You found it on level 2 of the Dungeon)
Wands
 i - a wand of iceblast (8)
   (You found it on level 3 of the Dungeon)
 q - a wand of flame (9)
   (You found it on level 4 of the Dungeon)
 y - a wand of mindburst (8)
   (You found it on level 4 of the Dungeon)
Scrolls
 j - 3 scrolls of enchant weapon
 m - 3 scrolls of enchant armour
 X - a scroll of magic mapping {@r4!r}
 Y - a scroll of teleportation {@r3}
Potions
 g - a potion of mutation {unknown}
 v - 2 potions of attraction {!q}
 B - 2 potions of brilliance
 G - 2 potions of ambrosia {!q}
 I - a potion of invisibility
 J - 2 potions of curing {@q1}
 M - a potion of might
 N - 2 potions of heal wounds {@q2}
 P - 2 potions of lignification {!q}
Miscellaneous
 l - a condenser vane
   (You found it on level 6 of the Dungeon)


   Skills:
 - Level 2.4 Dodging
 - Level 2.4 Stealth
 + Level 11.9 Spellcasting
 + Level 10.8 Conjurations
 - Level 3.0 Hexes
 - Level 3.0 Translocations


You had 20 spell levels left.
You knew the following spells:

 Your Spells              Type           Power      Damage    Failure   Level
a - Magic Dart            Conj           100%       1d8       1%          1
b - Searing Ray           Conj           100%       2d8       1%          2
c - Fulminant Prism       Conj/Hex       26%        3d14      1%          4
x - Iskenderun's Mystic   Conj/Tloc      53%        2d11      1%          4

Your spell library contained the following spells:

 Spells                   Type           Power      Damage    Failure   Level
 Dazzling Flash           Conj/Hex       100%       N/A       1%          3
 Mephitic Cloud           Conj/Pois/Air  36%        N/A       2%          3
 Gell's Gravitas          Tloc           33%        N/A       3%          3
 Lesser Beckoning         Tloc           66%        N/A       3%          3
 Teleport Other           Tloc           33%        N/A       3%          3
 Call Imp                 Summ           16%        N/A       4%          2


Dungeon Overview and Level Annotations

Branches:
Dungeon (7/15)             Temple (1/1) D:6

Altars:
Dithmenos
Fedhas
Gozag
Hepliaklqana
Kikubaaqudgha
Nemelex Xobeh
Okawaru
Qazlal
Uskayaw
Vehumet
Wu Jian
Yredelemnul
Zin
The Shining One


Message History

Done exploring.
MP restored: 26 Done exploring.
Done exploring.
Done exploring.
(D) Dungeon (T) Temple
Where to? (Enter - Temple @ (x,y), ? - help)
There is a stone staircase leading down here.
You fly downwards.
There is a stone staircase leading up here.
You now have 479 gold pieces (gained 13).
You see here a +0 short sword.
Found a stone staircase leading down.
You now have 488 gold pieces (gained 9).
You see here a +0 short sword.
An orc and an orc priest come into view.
The orc shouts!
The orc priest shouts!
You hear a shout!
An orc comes into view. It is wielding a +0 hand axe.
You conjure a prism of explosive energy!
A fulminant prism comes into view.
An orc comes into view. It is wielding a +0 mace.
You now have 22/26 mp.
You hear a loud crackle.
You hear an explosion!
Vehumet accepts your kill.
You feel a bit more experienced. Vehumet accepts your kill.
You feel a bit more experienced.
An orc is nearby!
The magic dart hits the orc!
You kill the orc!
Vehumet accepts your kill.
You now have 23/26 mp.
A water moccasin comes into view.
You conjure a prism of explosive energy!
The water moccasin hisses angrily.
A fulminant prism comes into view.
You now have 20/26 mp.
Your fulminant prism crackles loudly.
The blast of energy engulfs the water moccasin!!
You kill the water moccasin!
Vehumet accepts your kill.
A boulder beetle comes into view.
The orc priest shouts!
The orc priest looks satisfied for a moment.
MP restored: 26 You conjure a prism of explosive energy!
A fulminant prism comes into view.
The boulder beetle curls into a ball and begins rolling!
You now have 22/26 mp.
You hear a loud crackle.
You hear an explosion!
You conjure a prism of explosive energy!
A fulminant prism comes into view.
You now have 19/26 mp.
Your fulminant prism crackles loudly.
The blast of energy engulfs the orc priest!!
You kill the orc priest!
Vehumet accepts your kill.
You conjure a prism of explosive energy!
A fulminant prism comes into view.
You now have 15/26 mp.
The boulder beetle curls into a ball and begins rolling!
Your fulminant prism crackles loudly.
You hear an explosion!
The blast of energy engulfs you!!
Things that are here:
a +0 short sword; a water moccasin corpse You take 19 damage, and have 26/45 hp.
MASSIVE DAMAGE!!
There is a stone staircase leading up here.
You conjure a prism of explosive energy!
A fulminant prism comes into view.
The boulder beetle hits you but does no damage.
The boulder beetle stops rolling and uncurls.
You now have 12/26 mp.
You erupt in a blast of force!
The mystic blast hits the boulder beetle but does no damage.
The boulder beetle misses you.
Your fulminant prism crackles loudly.
You now have 8/26 mp.
You erupt in a blast of force!
The mystic blast hits the boulder beetle but does no damage.
The boulder beetle bites you!
The blast of energy engulfs the boulder beetle!!
You take 11 damage, and have 16/45 hp.
MASSIVE DAMAGE!!
You now have 5/26 mp.
You erupt in a blast of force!
The mystic blast hits the boulder beetle but does no damage.
The boulder beetle bites you but does no damage.
You now have 1/26 mp.
Okay, then.
Unknown command.
Okay, then.
Okay, then.
As you read the scroll of teleportation {@r3}, it crumbles to dust.
You feel strangely unstable. The boulder beetle bites you!!
You die...

###.### #.##
$...... #..#
....... #..#
....... #..####
....... #.....#
.......####..##.#
#.B)*○..##.#
#)####B###.#
#.#..@)..#.#
..#.#..#.#.#
)..#.#....#.#
).oB#.##.###.#
.....#........#
.....#####.#####
#.# #.# #.#


You could see a boulder beetle.

Vanquished Creatures
  The ghost of acebull12 the Covert, a novice VSBr (D:4)
  A wyvern (D:5)
  2 water moccasins
  Duvessa (D:5)
  A sky beast (D:6)
  3 black bears
  An ice beast (D:6)
  3 ogres
  6 phantoms
  A scorpion (D:4)
  2 necrophages
  4 wights (D:6)
  Dowan (D:5)
  2 orc priests
  3 hounds
  3 iguanas
  5 orc wizards
  Robin (D:4)
  8 gnolls
  11 adders
  A shadow imp (D:6)
  A white imp (D:6)
  An ufetubus (D:6)
  A worm (D:4)
  3 dart slugs
  17 orcs
  10 ball pythons
  3 bats
  10 endoplasms
  A giant cockroach (D:1)
  7 hobgoblins
  6 jackals
  5 kobolds
  4 quokkas
  6 frilled lizards
  16 goblins
  7 rats
159 creatures vanquished.

Vanquished Creatures (others)
  36 fulminant prisms
36 creatures vanquished.

Grand Total: 195 creatures vanquished

Notes
Turn   | Place    | Note
-------+----------+-------------------------------------------
     0 | D:1      | OTABOTABOTAB the Deep Elf Conjurer began the quest for the
                  | Orb.
     0 | D:1      | Reached XP level 1. HP: 10/10 MP: 6/6
   276 | D:1      | Reached XP level 2. HP: 15/15 MP: 6/8
   313 | D:1      | Learned a level 2 spell: Searing Ray
  1270 | D:2      | Reached skill level 4 in Spellcasting
  1322 | D:2      | Reached skill level 5 in Conjurations
  1323 | D:2      | Reached XP level 3. HP: 19/19 MP: 6/10
  2118 | D:3      | Reached XP level 4. HP: 24/24 MP: 8/12
  2139 | D:3      | Learned a level 4 spell: Fulminant Prism
  2144 | D:3      | Learned a level 4 spell: Iskenderun's Mystic Blast
  2196 | D:3      | Reached skill level 1 in Hexes
  2340 | D:3      | Reached skill level 5 in Spellcasting
  2350 | D:3      | Reached skill level 1 in Translocations
  2548 | D:3      | Reached XP level 5. HP: 28/28 MP: 10/14
  3033 | D:4      | Reached skill level 2 in Hexes
  3077 | D:4      | Reached skill level 2 in Translocations
  3162 | D:4      | Noticed a black bear
  3176 | D:4      | Killed a black bear
  3177 | D:4      | Reached skill level 6 in Conjurations
  3177 | D:4      | Reached skill level 3 in Hexes
  3177 | D:4      | Reached XP level 6. HP: 32/32 MP: 11/16
  3237 | D:4      | Reached skill level 6 in Spellcasting
  3515 | D:4      | Reached skill level 3 in Translocations
  3737 | D:4      | Reached XP level 7. HP: 36/36 MP: 7/18
  3989 | D:4      | Found a runed translucent door.
  3991 | D:4      | Noticed acebull12's ghost (novice VSBr)
  4200 | D:4      | Noticed Robin
  4203 | D:4      | Reached skill level 7 in Spellcasting
  4207 | D:4      | Killed Robin
  4208 | D:4      | Reached skill level 7 in Conjurations
  4896 | D:4      | Killed acebull12's ghost
  4971 | D:5      | Entered Level 5 of the Dungeon
  4979 | D:5      | Reached skill level 8 in Spellcasting
  5109 | D:5      | Reached XP level 8. HP: 41/41 MP: 14/22
  5112 | D:5      | Reached skill level 8 in Conjurations
  5262 | D:5      | Reached skill level 9 in Spellcasting
  5282 | D:5      | HP: 8/61 [wyvern (9)]
  5284 | D:5      | Reached skill level 9 in Conjurations
  5407 | D:5      | Noticed Duvessa
  5414 | D:5      | Killed Duvessa
  5417 | D:5      | Noticed Dowan
  5418 | D:5      | Reached skill level 10 in Spellcasting
  5443 | D:5      | HP: 10/41 [Dowan/stone arrow (12)]
  5445 | D:5      | Killed Dowan
  5824 | D:5      | Found a hazy altar of Hepliaklqana.
  6285 | D:6      | Reached XP level 9. HP: 45/45 MP: 19/25
  6363 | D:6      | Found a staircase to the Ecumenical Temple.
  6375 | Temple   | Entered the Ecumenical Temple
  6408 | Temple   | Became a worshipper of Vehumet
  6502 | D:6      | Reached skill level 11 in Spellcasting
  6502 | D:6      | Reached skill level 10 in Conjurations
  8183 | D:7      | Noticed a boulder beetle
  8200 | D:7      | Slain by a boulder beetle

Illustrated notes

Levels and vault maps discovered:
D:1:      kennysheep_arrival_seaside, layout_loops_ring, hangedman_glass_teeth,
          minmay_splitting_lines
D:2:      layout_basic
D:3:      layout_rooms
D:4:      kennysheep_goblin_castle, layout_cave_pools,
          ebering_ghost_reflecting_pool, minmay_pentomino_pile
D:5:      layout_gridville, kennysheep_little_box, uniq_duvessa
D:6:      layout_layer_cave, minmay_temple_entry_statues_fountains,
          minmay_crystal_water, minmay_checkerbox
D:7:      layout_basic, gammafunk_temple_overflow_wave, uniq_prince_ribbit1
Temple:   nicolae_temple_bog_church

Skill      XL: |  1  2  3  4  5  6  7  8  9 |
---------------+----------------------------+-----
Spellcasting   | 4 5 6 8 10 11 | 11.9
Conjurations   | 5 6 7 9 10 | 10.8
Hexes          | 1 3 |  3.0
Translocations | 1 2 3 |  3.0
Dodging        | |  2.4
Stealth        | |  2.4

Action                   |  1- 3 |  4- 6 |  7- 9 || total
-------------------------+-------+-------+-------++-------
Melee: Dagger            |     4 |       |       ||     4
       Staff             |       |     3 |    14 ||    17
 Cast: Magic Dart        |    61 |    89 |    52 ||   202
       Searing Ray       |     3 |    12 |    17 ||    32
       Fulminant Prism   |       |     3 |    33 ||    36
       Iskenderun's Myst |       |     1 |    21 ||    22
Evoke: Wand              |       |       |     4 ||     4
  Use: Potion            |       |     1 |     4 ||     5
       Scroll            |       |       |    16 ||    16
Armor: Robe              |     1 |     3 |     8 ||    12
       Skin              |       |       |    16 ||    16
Dodge: Dodged            |     4 |     9 |    20 ||    33

Table legend: (Time is in decaauts)
 A = Elapsed time spent in this place.
 B = Non-inter-level travel time spent in this place.
 C = Inter-level travel time spent in this place.
 D = Time resting spent in this place.
 E = Time spent auto-exploring this place.
 F = Levels seen in this place.
 G = Mean time per level.
                   A        B        C        D        E       F      G
               +--------+--------+--------+--------+--------+-----+--------+
         Total |   8204 |   8070 |    134 |   1321 |   5948 |   8 | 1025.5 |
       Dungeon |   8159 |   8035 |    124 |   1321 |   5927 |   7 | 1165.6 |
        Temple |     44 |     34 |     10 |      0 |     21 |   1 |   44.0 |
               +--------+--------+--------+--------+--------+-----+--------+

Top non-repeatable levels by time:
     D:4: 1956 daAuts
     D:6: 1672 daAuts
     D:5: 1409 daAuts
     D:1: 1255 daAuts
     D:3: 968 daAuts
     D:2: 792 daAuts
     D:7: 104 daAuts
  Temple: 44 daAuts

Table legend:
 A = Kills in this place as a percentage of kills in entire the game.
 B = Kills by you in this place as a percentage of kills by you in the entire game.
 C = Kills by friends in this place as a percentage of kills by friends in the entire game.
 D = Other kills in this place as a percentage of other kills in the entire game.
 E = Experience gained in this place as a percentage of experience gained in the entire game.
 F = Experience gained in this place divided by the number of levels of this place that you have seen.
                   A       B       C       D       E      F
               +-------+-------+-------+-------+-------+----------------------
         Total | 100.0 | 100.0 |   N/A |   N/A | 100.0 | 526.9
       Dungeon | 100.0 | 100.0 |   N/A |   N/A | 100.0 | 602.1
               +-------+-------+-------+-------+-------+----------------------
